 Dungeon Crawl Stone Soup version 0.27-a0-13-g87abb2d9eb (webtiles) character file.

Game seed: 11863273516765911818

108 funkygono the Shooter (level 4, -3/38 HPs)
             Began as a Hill Orc Hunter on Nov 26, 2020.
             Was a Follower of Zin.
             Slain by a gnoll
             ... wielding a cursed -2 flail
              (7 damage)
             ... on level 3 of the Dungeon on Jan 2, 2021.
             The game lasted 00:07:15 (2928 turns).

funkygono the Shooter (Hill Orc Hunter)             Turns: 2928, Time: 00:07:15

Health: -3/38      AC:  6    Str: 15    XL:     4   Next: 87%
Magic:  4/4        EV: 11    Int: 11    God:    Zin [*.....]
Gold:   67         SH:  0    Dex: 11    Spells: 3/3 levels left

rFire    . . .     SeeInvis .   a - +0 short sword
rCold    . . .     Faith    .   (no shield)
rNeg     . . .     Spirit   .   e - +1 ring mail
rPois    .         Reflect  .   (no helmet)
rElec    .         Harm     .   (no cloak)
rCorr    .         Rampage  .   (no gloves)
Will     .....                  (no boots)
Stlth    +.........             (no amulet)
HPRegen  0.12/turn              (no ring)
MPRegen  0.09/turn              (no ring)

@: no status effects
A: no striking features
a: Renounce Religion, Recite, Donate Gold


You were on level 3 of the Dungeon.
You worshipped Zin.
Zin was aware of your devotion.
You visited 1 branch of the dungeon, and saw 3 of its levels.

You collected 123 gold pieces.
You donated 56 gold pieces to Zin.

Inventory:

Hand Weapons
 a - a +0 short sword (weapon)
 b - a +1 shortbow
Missiles
 d - 63 arrows
Armour
 c - a +0 leather armour
 e - a +1 ring mail (worn)
 n - a +0 chain mail
Wands
 i - a wand of flame (19)
Scrolls
 g - 2 scrolls of remove curse {unknown}
Potions
 f - 5 potions of curing
 j - a potion of attraction {unknown}
 k - a potion of mutation {unknown}
 l - a potion of degeneration {unknown}
 m - a potion of resistance {unknown}


   Skills:
 + Level 3.5 Fighting
 + Level 1.3 Short Blades
 + Level 4.7 Bows
 + Level 0.8 Armour
 + Level 1.6 Dodging
 + Level 0.7 Stealth


You had 3 spell levels left.
You didn't know any spells.
Your spell library contained the following spells:

 Spells                   Type           Power        Failure   Level
 Animate Skeleton         Necr           0%           56%         1
 Apportation              Tloc           0%           56%         1
 Corona                   Hex            0%           56%         1
 Summon Small Mammal      Summ           0%           56%         1


Dungeon Overview and Level Annotations

Branches:
Dungeon (3/15)

Altars:
Trog
Yredelemnul
Zin


Message History

You hit the gnoll but do no damage. The gnoll hits you but does no damage.
You hit the gnoll.
The gnoll is lightly wounded.
The gnoll barely misses you.
You barely miss the gnoll.
The gnoll is lightly wounded.
The gnoll hits you but does no damage.
You closely miss the gnoll.
The gnoll is lightly wounded.
The gnoll hits you with a cursed -2 flail!
You closely miss the gnoll.
The gnoll is lightly wounded.
The gnoll hits you with a cursed -2 flail!
* * * LOW HITPOINT WARNING * * *
You hit the gnoll but do no damage.
The gnoll is lightly wounded.
You barely miss the gnoll.
The gnoll is lightly wounded.
The gnoll hits you with a cursed -2 flail!
You die...

#........ #.####### #.# #.#
#.# #.# #.# ############.#
### #gg@...†.....#######
##.## #g#######...........
##...###.# ###.#.........
#...gg.g.#####.....)....†..
##...#####.............##..
##.## #.####..#.###.....
#.# #.# #..#.# ###### #.#
#.# #..#.# # #.# #.#
#..#.########


You could see 3 gnolls.

Vanquished Creatures
  A gnoll (D:3)
  An adder (D:2)
  An ooze (D:3)
  2 worms
  2 dart slugs
  5 leopard geckos
  11 bats
  3 giant cockroaches
  13 goblins
  8 hobgoblins
  3 jackals (D:1)
  3 quokkas
  2 ball pythons (D:2)
  3 frilled lizards
  8 kobolds
  2 rats
68 creatures vanquished.

Notes
Turn   | Place    | Note
-------+----------+-------------------------------------------
     0 | D:1      | funkygono the Hill Orc Hunter began the quest for the Orb.
     0 | D:1      | Reached XP level 1. HP: 18/18 MP: 1/1
   137 | D:1      | Reached XP level 2. HP: 25/25 MP: 2/2
   279 | D:1      | Reached skill level 4 in Bows
   798 | D:1      | Reached XP level 3. HP: 31/31 MP: 3/3
  1785 | D:2      | Reached XP level 4. HP: 38/38 MP: 4/4
  1793 | D:2      | Found a basalt altar of Yredelemnul.
  2141 | D:2      | Upgraded the game from 0.26-a0-812-g31a745ddcd to
                  | 0.27-a0-13-g87abb2d9eb
  2212 | D:3      | Found a glowing silver altar of Zin.
  2241 | D:3      | Became a worshipper of Zin the Law-Giver
  2255 | D:3      | Reached * piety under Zin
  2256 | D:3      | Donated 44 gold pieces to Zin
  2515 | D:3      | Found a bloodstained altar of Trog.
  2760 | D:3      | Reached skill level 1 in Short Blades
  2928 | D:3      | Slain by a gnoll

Illustrated notes

Levels and vault maps discovered:
D:1:      eino_arrival_cavern_b, layout_loops_ring,
          chequers_serial_rivers_micro_e
D:2:      layout_basic, yredelemnul_altar_generic
D:3:      layout_loops_ring, lemuel_zombie_altar_kikubaaqudgha,
          lemuel_round_altar, trog_three_pillars_becter

Skill      XL: |  1  2  3  4 |
---------------+-------------+-----
Bows           | 4 |  4.7
Fighting       | 3 |  3.5
Short Blades   | 1 |  1.3
Armour         | |  0.8
Dodging        | |  1.6
Stealth        | |  0.7

Action                   |  1- 3 |  4- 6 || total
-------------------------+-------+-------++-------
Melee: Short sword       |    91 |    93 ||   184
 Fire: Shortbow          |    80 |    39 ||   119
Invok: Donate Gold       |       |     1 ||     1
  Use: Scroll            |     2 |     2 ||     4
       Potion            |       |     1 ||     1
Armor: Ring mail         |    55 |    24 ||    79
Dodge: Dodged            |    74 |    39 ||   113

Table legend: (Time is in decaauts)
 A = Elapsed time spent in this place.
 B = Non-inter-level travel time spent in this place.
 C = Inter-level travel time spent in this place.
 D = Time resting spent in this place.
 E = Time spent auto-exploring this place.
 F = Levels seen in this place.
 G = Mean time per level.
                   A        B        C        D        E       F      G
               +--------+--------+--------+--------+--------+-----+--------+
         Total |   2923 |   2834 |     89 |      0 |   2262 |   3 |  974.3 |
       Dungeon |   2923 |   2834 |     89 |      0 |   2262 |   3 |  974.3 |
               +--------+--------+--------+--------+--------+-----+--------+

Top non-repeatable levels by time:
     D:1: 1176 daAuts
     D:2: 992 daAuts
     D:3: 755 daAuts
